 Dungeon Crawl Stone Soup version 0.25-a0-44-g29a1220a87 (webtiles) character file.

Game seed: 15789334883673575034, levelgen mode: deterministic

170 BryzzWind the Insei (level 5, -1/34 HPs)
             Began as an Octopode Transmuter on Oct 23, 2019.
             Was an Initiate of Dithmenos.
             Killed by divine providence
             ... invoked by an orc priest
              (14 damage)
             ... on level 4 of the Dungeon.
             The game lasted 00:07:02 (1916 turns).

BryzzWind the Insei (Octopode Transmuter)           Turns: 1916, Time: 00:07:03

Health: -1/34      AC:  1    Str: 10    XL:     5   Next: 51%
Magic:  8/9        EV: 14    Int: 16    God:    Dithmenos [......]
Gold:   197        SH:  0    Dex: 12    Spells: 6/9 levels left

rFire    . . .     SeeInvis .     - Unarmed
rCold    . . .     Gourm    .   (no shield)
rNeg     . . .     Faith    .   (helmet restricted)
rPois    .         Spirit   .   (no amulet)
rElec    .         Reflect  .   (no ring)
rCorr    .         Harm     .   (no ring)
MR       .....                  (no ring)
Stlth    +++.......             (no ring)
HPRegen  0.11/turn              (no ring)
MPRegen  0.11/turn              (no ring)
                                (no ring)
                                (no ring)

@: appendage
A: almost no armour, stealthy swim, amphibious, 8 rings, constrict 8, tentacle
spike 3, camouflage 1, gelatinous body 1
a: End Transformation, Renounce Religion


You were on level 4 of the Dungeon.
You worshipped Dithmenos.
Dithmenos was noncommittal.
You were hungry.
One of your tentacles had a temporary spike.
You visited 1 branch of the dungeon, and saw 4 of its levels.

You collected 197 gold pieces.

Inventory:

Missiles
 a - 58 arrows
 l - 14 bolts
Scrolls
 f - 2 scrolls of enchant weapon
 h - 2 scrolls of remove curse
 i - a scroll of immolation
 j - a scroll of noise
Potions
 d - a potion of agility
 g - 2 potions of haste
 m - a potion of resistance
Comestibles
 c - 6 rations


   Skills:
 + Level 1.7 Fighting
 * Level 3.1 Dodging
 + Level 2.0 Stealth
 * Level 3.8 Unarmed Combat
 * Level 2.8 Spellcasting
 * Level 2.8 Transmutations


You had 6 spell levels left.
You knew the following spells:

 Your Spells              Type           Power        Failure   Level  Hunger
a - Beastly Appendage     Tmut           ##....       6%          1    #......
b - Sticks to Snakes      Tmut           ##......     9%          2    ##.....

Your spell library contained the following spells:

 Spells                   Type           Power        Failure   Level  Hunger
 Spider Form              Tmut/Pois      #.........   32%         3    ###....
 Ice Form                 Ice/Tmut       #.......     71%         4    #####..
 Blade Hands              Tmut           ##........   86%         5    ######.


Dungeon Overview and Level Annotations

Branches:
Dungeon (4/15)
 Temple: D:4-7

Altars:
Dithmenos


Innate Abilities, Weirdness & Mutations

You cannot wear most types of armour.
You are very stealthy in the water. (Stealth+)
You are amphibious.
You can wear up to eight rings at the same time.
You can use your tentacles to constrict eight enemies at once.
Your skin changes colour to match your surroundings (Stealth+).
Your rubbery body absorbs attacks. (AC +1, EV +1)
One of your tentacles bears a large vicious spike.


Message History

* * * LOW HITPOINT WARNING * * *
The orc barely misses you.
You tentacle-slap the orc.
You kill the orc!
Dithmenos accepts your kill.
* * * LOW HITPOINT WARNING * * *
You feel very sick. The jackal misses you. The jackal barely misses you.
Your magical contamination has completely faded away.
You feel better. The adder closely misses you. The jackal closely misses you.
The adder barely misses you.
You feel better. The jackal bites you. The adder bites you.
You barely miss the adder. Your grab misses the adder.
The jackal barely misses you. The adder bites you.
The jackal closely misses you.
You completely miss the adder. Your grab misses the adder.
The adder closely misses you. The jackal closely misses you.
The orc priest calls down the wrath of Beogh upon you.
Beogh smites you!
You die...

#.......<# [.o.
#..##....##....
#).##..........
+..............
#..............
#...........S..
#####..##....##. .
#..<...#####S# $..
#..##..##...@##....%
#..##..##....ho.....
#..##..########.....
#..#...# ....
...#...# ...
....#...+ .. ##..#
..# . ##+#


You could see an orc priest, an adder and a jackal.

Vanquished Creatures
  An orc priest (D:4)
  An orc wizard (D:4)
  5 adders (D:2)
  2 worms
  2 dart slugs (D:2)
  2 leopard geckos
  7 orcs
  4 giant cockroaches
  3 goblins (D:1)
  2 hobgoblins (D:1)
  A jackal (D:4)
  A quokka (D:2)
  3 ball pythons (D:2)
  4 bats
  5 frilled lizards
  4 kobolds
  12 rats
59 creatures vanquished.

Notes
Turn   | Place    | Note
-------+----------+-------------------------------------------
     0 | D:1      | BryzzWind the Octopode Transmuter began the quest for the
                  | Orb.
     0 | D:1      | Reached XP level 1. HP: 13/13 MP: 3/3
   241 | D:1      | Reached XP level 2. HP: 16/18 MP: 5/5
   804 | D:2      | Reached XP level 3. HP: 12/23 MP: 4/6
   885 | D:2      | Reached skill level 1 in Stealth
  1015 | D:2      | Reached XP level 4. HP: 22/28 MP: 5/7
  1189 | D:2      | Found a shadowy altar of Dithmenos.
  1213 | D:2      | Became a worshipper of Dithmenos the Shadowed
  1236 | D:2      | Found a shadowy altar of Dithmenos.
  1413 | D:2      | Learned a level 2 spell: Sticks to Snakes
  1900 | D:4      | Reached XP level 5. HP: 29/33 MP: 7/9
  1916 | D:4      | Killed from afar by an orc priest

Levels and vault maps discovered:
D:1:      ncdulo_lavacross, layout_basic
D:2:      layout_rooms, lemuel_round_altar, first_ration,
          nicolae_dithmenos_through_a_glass_darkly
D:3:      cheibrodos_old_hovel, layout_rooms, kennysheep_generic_room_7
D:4:      layout_gridville, gammafunk_ghost_icy

Skill      XL: |  1  2  3  4  5 |
---------------+----------------+-----
Stealth        | 1 2 |  2.0
Dodging        | 3 |  3.1
Fighting       | |  1.7
Unarmed Combat | |  3.8
Spellcasting   | |  2.8
Transmutations | |  2.8

Action                   |  1- 3 |  4- 6 || total
-------------------------+-------+-------++-------
Melee: Unarmed           |    60 |    63 ||   123
       Kick              |    16 |    16 ||    32
       Constrict         |    15 |    17 ||    32
       Punch             |     3 |     2 ||     5
       Tentacles         |     8 |     8 ||    16
 Cast: Beastly Appendage |    19 |    18 ||    37
       Sticks to Snakes  |       |     1 ||     1
  Use: Scroll            |       |     5 ||     5
       Potion            |       |     8 ||     8
 Stab: Sleeping          |       |     7 ||     7
  Eat: Chunk             |       |     3 ||     3
Armor: Skin              |     4 |     4 ||     8
Dodge: Dodged            |    24 |    51 ||    75

Table legend:
 A = Non-vault XP
 B = Vault XP
 C = Vault XP percentage of total XP
 D = Non-vault monster count
 E = Vault monster count
 F = Vault count percentage of total count
                 A         B        C        D         E       F
            +---------+---------+-------+---------+---------+-------
      Total |     237 |       7 |   2.9 |      57 |       2 |   3.4
            +---------+---------+-------+---------+---------+-------
        D:1 |      24 |       0 |   0.0 |      18 |       0 |   0.0
        D:2 |     104 |       0 |   0.0 |      24 |       0 |   0.0
        D:3 |      20 |       7 |  25.9 |      10 |       2 |  16.7
        D:4 |      89 |       0 |   0.0 |       5 |       0 |   0.0
            +---------+---------+-------+---------+---------+-------
